Crunch vs Phantoms
Created - February 2, 2023 at 19:00
Goals
|
| Crunch |
0 |
3 |
2 |
5 |
| Phantoms |
1 |
0 |
2 |
3 |
|
Shots
|
| Crunch |
9 |
8 |
12 |
29 |
| Phantoms |
18 |
20 |
12 |
50 |
|
1st period
1. Phantoms , David Kampf 3 (JC Lipon 2, Brendan Leipsic 5) at 14:06
Penalties :
No Penalty
2nd period
2. Crunch , Rem Pitlick 4 (Brandon Hagel 20, Nikita Tryamkin 8) at 5:38
3. Crunch , Michael Ferland 6 (Jeremy Bracco 9) at 11:07
4. Crunch , Joel Vermin 8 (Jacob Josefson 25, Jeremy Lauzon 18) at 13:30
Penalties :
Blake Heinrich (Leh) for High sticking (Minor) at 13:52
3rd period
5. Crunch , Joel Vermin 9 (Denis Gurianov 19, Christoffer Ehn 25) at 0:46 (PP)
6. Crunch , Teemu Hartikainen 40 (Jordan Oesterle 22, Christoffer Ehn 26) at 7:46
7. Phantoms , Alex DeBrincat 19 (Michael Bournival 16, Cristoval Nieves 20) at 14:00 (PP)
8. Phantoms , Alex DeBrincat 20 (Cristoval Nieves 21) at 14:41 (PP)
Penalties :
Michael Bournival (Leh) for Hooking (Minor) at 0:11, Blake Heinrich (Leh) for Holding (Minor) at 0:57, Nikita Tryamkin (Syr) for Hooking (Minor) at 8:08, Brendan Leipsic (Leh) for Hooking (Minor) at 10:37, Kaapo Kahkonen (Syr) for Slashing (Double Minor) at 13:19 - Michael Ferland served the penalty, Anthony Cirelli (Syr) for Roughing (Minor) at 15:26, Jeremy Bracco (Syr) for Diving (Minor) at 18:49
Goalie Stats
Kaapo Kahkonen (Syr), 47 saves from 50 shots - (0.940), W, 9-11-1, 60:00 minutes
Anton Forsberg (Leh), 18 saves from 23 shots - (0.783), L, 15-9-2, 47:46 minutes
Zachary Fucale (Leh), 6 saves from 6 shots - (1.000), 12:14 minutes
Players Stats for Crunch
Player Name G A P +/- PIM S H SB GA TA FO MP PP MP PK MP
------------------------------------------------------------------------------------
Anatoli Golyshev 0 0 0 0 0 0 0 0 0 0 0/0 0:00 0:00 0:00
Anthony Cirelli 0 0 0 1 2 0 1 0 0 1 1/2 18:11 2:47 2:52
Blake Hillman 0 0 0 0 0 0 0 0 0 0 0/0 0:00 0:00 0:00
Blake Lizotte 0 0 0 1 0 1 0 1 0 0 3/4 8:52 0:00 0:44
Brandon Hagel 0 1 1 1 0 0 1 1 0 0 0/0 8:08 0:00 0:00
Charles-Olivier Roussel 0 0 0 0 0 0 0 0 0 0 0/0 4:48 0:00 0:00
Christoffer Ehn 0 2 2 0 0 3 1 0 1 0 14/28 19:10 3:45 0:47
Connor Bunnaman 0 0 0 1 0 0 0 0 0 1 4/7 11:34 0:00 0:00
Denis Gurianov 0 1 1 0 0 5 4 1 0 0 0/1 19:10 3:45 0:47
Jacob Josefson 0 1 1 1 0 1 0 0 0 0 5/6 15:20 2:47 0:00
Jeremy Bracco 0 1 1 1 2 2 2 0 0 0 1/1 11:33 0:00 0:00
Jeremy Lauzon 0 1 1 0 0 0 0 0 0 0 0/0 11:20 0:00 1:01
Joel Vermin 2 0 2 1 0 4 1 1 0 1 0/1 15:20 2:47 0:00
Jordan Oesterle 0 1 1 2 0 0 0 2 0 2 0/0 19:05 2:33 2:26
Max McCormick 0 0 0 0 0 0 0 0 0 0 0/0 1:44 0:00 1:39
Michael Downing 0 0 0 0 0 0 0 0 0 0 0/0 4:48 0:00 0:00
Michael Ferland 1 0 1 1 0 3 0 0 0 0 0/0 12:54 0:00 1:15
Nikita Gusev 0 0 0 0 0 0 0 0 0 0 0/0 0:40 0:00 0:40
Nikita Tryamkin 0 1 1 1 2 1 0 4 3 2 0/0 24:31 3:59 2:48
Noah Hanifin 0 0 0 2 0 2 0 1 1 0 0/0 19:05 2:33 2:26
Rem Pitlick 1 0 1 1 0 1 0 0 0 0 0/0 8:08 0:00 0:00
Roland McKeown 0 0 0 1 0 2 2 3 0 0 0/0 25:48 3:59 4:04
Sean Walker 0 0 0 0 0 0 0 3 0 0 0/0 10:39 0:00 0:15
Teemu Hartikainen 1 0 1 0 0 4 1 0 2 0 4/9 22:39 3:45 4:16
Players Stats for Phantoms
Player Name G A P +/- PIM S H SB GA TA FO MP PP MP PK MP
------------------------------------------------------------------------------------
A.J. Greer 0 0 0 0 0 0 0 0 0 0 0/1 1:41 0:00 1:39
Alex DeBrincat 2 0 2 -1 0 6 1 0 3 1 0/2 22:52 3:50 3:54
Anthony Angello 0 0 0 0 0 0 0 0 0 0 0/0 0:50 0:11 0:31
Blake Heinrich 0 0 0 -1 4 0 2 2 0 0 0/0 22:42 4:24 2:03
Brendan Leipsic 0 1 1 1 2 2 0 0 0 0 0/0 8:45 0:00 0:45
Brett Murray 0 0 0 0 0 0 0 0 0 0 0/0 0:00 0:00 0:00
Cal Foote 0 0 0 0 0 0 0 0 0 0 0/0 9:05 0:00 0:00
Cristoval Nieves 0 2 2 -1 0 2 1 0 2 1 11/23 20:23 3:50 1:23
David Kampf 1 0 1 1 0 7 0 1 0 0 0/1 8:00 0:00 0:00
Devon Teows 0 0 0 -2 0 1 3 1 1 0 0/0 19:54 2:06 2:21
Erik Nystrom 0 0 0 0 0 3 1 0 0 0 0/1 10:59 0:00 0:10
JC Lipon 0 1 1 1 0 3 1 0 0 0 0/0 8:00 0:00 0:00
Joe Snively 0 0 0 0 0 4 0 0 0 0 1/2 10:48 0:00 0:00
Laurent Dauphin 0 0 0 0 0 0 0 0 0 0 0/0 0:18 0:11 0:00
Lucas Wallmarkk 0 0 0 -3 0 2 1 0 0 0 8/18 15:20 2:29 0:00
Matt Kiersted 0 0 0 0 0 0 0 0 0 0 0/0 5:58 0:00 0:31
Michael Bournival 0 1 1 -1 2 7 3 2 0 2 6/10 22:34 4:01 3:19
Mikko Lehtonen 0 0 0 0 0 0 1 0 0 0 0/0 11:27 0:00 1:37
Morgan Klimchuk 0 0 0 -3 0 6 0 0 0 0 1/1 15:20 2:29 0:00
Nick Sorensen 0 0 0 0 0 1 2 0 0 0 0/0 10:48 0:00 0:00
Reid McNeill 0 0 0 -1 0 1 3 1 0 1 0/0 25:34 4:24 4:11
Riley Stillman 0 0 0 0 0 0 1 0 0 0 0/0 5:27 0:00 0:00
Rinat Valiev 0 0 0 -2 0 1 3 1 1 2 0/0 19:54 2:06 2:21
Sven Andrighetto 0 0 0 -3 0 4 2 0 0 0 0/0 16:45 2:29 1:23
3 Stars
1 - Joel Vermin (Syr)
2 - Kaapo Kahkonen (Syr)
3 - Alex DeBrincat (Leh)
Power Play
Crunch - 1 on 4 Attempt(s) - 25.00%
Phantoms - 2 on 4 Attempt(s) - 50.00%
Penalty Kill
Crunch - 2 on 4 Attempt(s) - 50.00%
- Score 0 goal in Penalty Kill
Phantoms - 3 on 4 Attempt(s) - 75.00%
- Score 0 goal in Penalty Kill
Team Stat
Crunch - Hits : 13 - Faceoff Wins : 32 - Blocked Shots : 17 - Penalty Minutes : 10
Phantoms - Hits : 25 - Faceoff Wins : 27 - Blocked Shots : 8 - Penalty Minutes : 8
Official
Referees : Jean Hebert and Dean Morton
Linesman : Mark Shewchyk and Kyle Flemington
Game Notes
Zachary Fucale enters game at 7:46 of 3rd period
Finance
Level 1 -- Attendance: 1839 (91.95%) -- Ticket Income $64,365
Level 2 -- Attendance: 605 (60.50%) -- Ticket Income $12,100
Total Attendance: 2444 (81.47%)
Total Ticket Income: $76,465
Other Income: $3,823
Total Income: $80,288
Crunch
5 vs 5 Forward
Center Left Wing Right Wing Time % Phy DF OF
1 Christoffer Ehn Teemu Hartikainen Denis Gurianov 40 1 2 2
2 Jacob Josefson Anthony Cirelli Joel Vermin 30 1 2 2
3 Connor Bunnaman Michael Ferland Jeremy Bracco 20 1 2 2
4 Blake Lizotte Brandon Hagel Rem Pitlick 10 1 2 2
5 vs 5 Defense
Defense Defense Time % Phy DF OF
1 Nikita Tryamkin Roland McKeown 40 1 2 2
2 Jordan Oesterle Noah Hanifin 30 1 2 2
3 Jeremy Lauzon Sean Walker 20 1 2 2
4 Charles-Olivier Roussel Michael Downing 10 1 2 2
PowerPlay Forward
Center Left Wing Right Wing Time % Phy DF OF
1 Christoffer Ehn Teemu Hartikainen Denis Gurianov 60 1 2 2
2 Jacob Josefson Anthony Cirelli Joel Vermin 40 1 2 2
PowerPlay Defense
Defense Defense Time % Phy DF OF
1 Nikita Tryamkin Roland McKeown 60 1 2 2
2 Jordan Oesterle Noah Hanifin 40 1 2 2
Penalty Kill 4 Players Forward
Center Wing Time % Phy DF OF
1 Teemu Hartikainen Anthony Cirelli 60 1 2 2
2 Christoffer Ehn Denis Gurianov 40 1 2 2
Penalty Kill 4 Players Defense
Defense Defense Time % Phy DF OF
1 Nikita Tryamkin Roland McKeown 60 1 2 2
2 Jordan Oesterle Noah Hanifin 40 1 2 2
Penalty Kill - 3 Players Forward
Forward Time % Phy DF OF
1 Teemu Hartikainen 60 1 2 2
2 Anthony Cirelli 40 1 2 2
Penalty Kill - 3 Players Defense
Defense Defense Time % Phy DF OF
1 Nikita Tryamkin Roland McKeown 60 1 2 2
2 Jordan Oesterle Noah Hanifin 40 1 2 2
4 vs 4 Forward
Center Wing Time % Phy DF OF
1 Teemu Hartikainen Anthony Cirelli 60 1 2 2
2 Christoffer Ehn Denis Gurianov 40 1 2 2
4 vs 4 Defense
Defense Defense Time % Phy DF OF
1 Nikita Tryamkin Roland McKeown 60 1 2 2
2 Jordan Oesterle Noah Hanifin 40 1 2 2
Last Minutes Offensive
Center Left Wing Right Wing Defense Defense
Christoffer Ehn Teemu Hartikainen Denis Gurianov Nikita Tryamkin Roland McKeown
Last Minutes Defensive
Center Left Wing Right Wing Defense Defense
Christoffer Ehn Teemu Hartikainen Denis Gurianov Nikita Tryamkin Roland McKeown
Goaltenders
Starting : Kaapo Kahkonen
Backup : Jordan Binnington
Extra Forwards
Normal : Anatoli Golyshev, Nikita Gusev, Max McCormick - PP : Anatoli Golyshev, Nikita Gusev - PK : Max McCormick
Extra Defensemen
Normal : Blake Hillman, Jeremy Lauzon, Sean Walker - PP : Blake Hillman - PK : Jeremy Lauzon, Sean Walker
Penalty Shots
Teemu Hartikainen, Anthony Cirelli, Christoffer Ehn, Denis Gurianov, Michael Ferland
Scratches
Axel Holmstrom (Suspend), Brendan Guhle (Right Leg Injury), Josef Korenar (Healthy)
Phantoms
5 vs 5 Forward
Center Left Wing Right Wing Time % Phy DF OF
1 Cristoval Nieves Michael Bournival Alex DeBrincat 40 1 2 2
2 Lucas Wallmarkk Morgan Klimchuk Sven Andrighetto 30 1 2 2
3 Joe Snively Erik Nystrom Nick Sorensen 20 1 2 2
4 David Kampf Brendan Leipsic JC Lipon 10 1 2 2
5 vs 5 Defense
Defense Defense Time % Phy DF OF
1 Reid McNeill Blake Heinrich 40 1 2 2
2 Rinat Valiev Devon Teows 30 1 2 2
3 Cal Foote Mikko Lehtonen 20 1 2 2
4 Matt Kiersted Riley Stillman 10 1 2 2
PowerPlay Forward
Center Left Wing Right Wing Time % Phy DF OF
1 Cristoval Nieves Michael Bournival Alex DeBrincat 60 1 2 2
2 Lucas Wallmarkk Morgan Klimchuk Sven Andrighetto 40 1 2 2
PowerPlay Defense
Defense Defense Time % Phy DF OF
1 Reid McNeill Blake Heinrich 60 1 2 2
2 Rinat Valiev Devon Teows 40 1 2 2
Penalty Kill 4 Players Forward
Center Wing Time % Phy DF OF
1 Michael Bournival Alex DeBrincat 60 1 2 2
2 Sven Andrighetto Cristoval Nieves 40 1 2 2
Penalty Kill 4 Players Defense
Defense Defense Time % Phy DF OF
1 Reid McNeill Blake Heinrich 60 1 2 2
2 Rinat Valiev Devon Teows 40 1 2 2
Penalty Kill - 3 Players Forward
Forward Time % Phy DF OF
1 Michael Bournival 60 1 2 2
2 Alex DeBrincat 40 1 2 2
Penalty Kill - 3 Players Defense
Defense Defense Time % Phy DF OF
1 Reid McNeill Blake Heinrich 60 1 2 2
2 Rinat Valiev Devon Teows 40 1 2 2
4 vs 4 Forward
Center Wing Time % Phy DF OF
1 Michael Bournival Alex DeBrincat 60 1 2 2
2 Sven Andrighetto Cristoval Nieves 40 1 2 2
4 vs 4 Defense
Defense Defense Time % Phy DF OF
1 Reid McNeill Blake Heinrich 60 1 2 2
2 Rinat Valiev Devon Teows 40 1 2 2
Last Minutes Offensive
Center Left Wing Right Wing Defense Defense
Cristoval Nieves Michael Bournival Alex DeBrincat Reid McNeill Blake Heinrich
Last Minutes Defensive
Center Left Wing Right Wing Defense Defense
Cristoval Nieves Michael Bournival Alex DeBrincat Reid McNeill Blake Heinrich
Goaltenders
Starting : Anton Forsberg
Backup : Zachary Fucale
Extra Forwards
Normal : Laurent Dauphin, Anthony Angello, A.J. Greer - PP : Laurent Dauphin, Anthony Angello - PK : A.J. Greer
Extra Defensemen
Normal : Cal Foote, Mikko Lehtonen, Matt Kiersted - PP : Cal Foote - PK : Mikko Lehtonen, Matt Kiersted
Penalty Shots
Michael Bournival, Alex DeBrincat, Sven Andrighetto, Cristoval Nieves, Morgan Klimchuk
Scratches
Brenden Kichton (Healthy), Cooper Marody (Healthy), Nick Shore (Healthy), Victor Berglund (Healthy), Fabian Zetterlund (Healthy)
Jason Kasdorf (Healthy), Zachary Sawchenko (Healthy)
% Time on Ice - Crunch
Lines # - Real PCT - Wanted PCT - Time Play
Normal Forward
1 - 31% - 40% - 14:43
2 - 27% - 30% - 12:33
3 - 25% - 20% - 11:34
4 - 17% - 10% - 8:08
Normal Defense
1 - 38% - 40% - 17:45
2 - 30% - 30% - 14:06
3 - 22% - 20% - 10:19
4 - 10% - 10% - 4:48
PP Forward
1 - 57% - 60% - 3:45
2 - 43% - 40% - 2:47
PP Defense
1 - 61% - 60% - 3:59
2 - 39% - 40% - 2:33
PK Forward
1 - 88% - 60% - 5:43
2 - 12% - 40% - 0:47
PK Defense
1 - 63% - 60% - 4:04
2 - 37% - 40% - 2:26
PK3 Forward
1 - 0% - 60%
2 - 0% - 40%
PK3 Defense
1 - 0% - 60%
2 - 0% - 40%
44 Forward
1 - 0% - 60%
2 - 0% - 40%
44 Defense
1 - 0% - 60%
2 - 0% - 40%
Last Minute Offensive - 0:00
Last Minute Defensive - 0:00
Total
Forward - 60:00
Defense - 60:00
|
% Time on Ice - Phantoms
Lines # - Real PCT - Wanted PCT - Time Play
Normal Forward
1 - 33% - 40% - 15:17
2 - 27% - 30% - 12:53
3 - 23% - 20% - 10:48
4 - 17% - 10% - 8:00
Normal Defense
1 - 36% - 40% - 16:59
2 - 33% - 30% - 15:27
3 - 19% - 20% - 9:05
4 - 12% - 10% - 5:27
PP Forward
1 - 62% - 60% - 4:01
2 - 38% - 40% - 2:29
PP Defense
1 - 68% - 60% - 4:24
2 - 32% - 40% - 2:06
PK Forward
1 - 79% - 60% - 5:09
2 - 21% - 40% - 1:23
PK Defense
1 - 64% - 60% - 4:11
2 - 36% - 40% - 2:21
PK3 Forward
1 - 0% - 60%
2 - 0% - 40%
PK3 Defense
1 - 0% - 60%
2 - 0% - 40%
44 Forward
1 - 0% - 60%
2 - 0% - 40%
44 Defense
1 - 0% - 60%
2 - 0% - 40%
Last Minute Offensive - 0:00
Last Minute Defensive - 0:00
Total
Forward - 60:00
Defense - 60:00
|
Play-by-Play
1st period
0:01 of 1st period - Christoffer Ehn wins face-off versus Cristoval Nieves in neutral zone.
0:26 of 1st period - Jacob Josefson is hit by Blake Heinrich and loses puck.
0:37 of 1st period - Wrist shot by Anthony Cirelli.
0:37 of 1st period - Shot Misses the Net.
0:51 of 1st period - Slapshot by David Kampf.
0:51 of 1st period - Stopped by Kaapo Kahkonen with a rebound.
0:55 of 1st period - Snap shot by David Kampf.
0:55 of 1st period - Stopped by Kaapo Kahkonen with a rebound.
1:03 of 1st period - Slapshot by Noah Hanifin.
1:03 of 1st period - Stopped by Anton Forsberg with a rebound.
1:35 of 1st period - Cal Foote is hit by Denis Gurianov and loses puck.
1:54 of 1st period - Sven Andrighetto is hit by Roland McKeown.
2:00 of 1st period - Snap shot by Morgan Klimchuk.
2:00 of 1st period - Shot Blocked by Nikita Tryamkin.
2:02 of 1st period - Snap shot by Sven Andrighetto.
2:02 of 1st period - Stopped by Kaapo Kahkonen with a rebound.
2:04 of 1st period - Wrist shot by Lucas Wallmarkk.
2:04 of 1st period - Shot Blocked by Roland McKeown.
4:21 of 1st period - Sean Walker is hit by Devon Teows and loses puck.
4:40 of 1st period - Snap shot by Anthony Cirelli.
4:40 of 1st period - Shot Misses the Net.
4:55 of 1st period - Snap shot by Alex DeBrincat.
4:55 of 1st period - Stopped by Kaapo Kahkonen with a rebound.
5:03 of 1st period - Michael Bournival is hit by Denis Gurianov and loses puck.
5:38 of 1st period - Snap shot by Jacob Josefson.
5:38 of 1st period - Shot Misses the Net.
5:46 of 1st period - Snap shot by Morgan Klimchuk.
5:46 of 1st period - Stopped by Kaapo Kahkonen with a rebound.
5:48 of 1st period - Snap shot by Sven Andrighetto.
5:48 of 1st period - Shot Misses the Net.
5:50 of 1st period - Wrist shot by Morgan Klimchuk.
5:50 of 1st period - Stopped by Kaapo Kahkonen with a rebound.
5:52 of 1st period - Wrist shot by Morgan Klimchuk.
5:52 of 1st period - Stopped by Kaapo Kahkonen without a rebound.
5:53 of 1st period - Christoffer Ehn wins face-off versus Cristoval Nieves in Crunch zone.
6:50 of 1st period - Jeremy Lauzon is hit by JC Lipon and loses puck.
6:53 of 1st period - Snap shot by Sean Walker.
6:53 of 1st period - Shot Blocked by David Kampf.
7:27 of 1st period - Slapshot by David Kampf.
7:27 of 1st period - Stopped by Kaapo Kahkonen with a rebound.
7:29 of 1st period - Slapshot by Devon Teows.
7:29 of 1st period - Shot Misses the Net.
7:31 of 1st period - Wrist shot by Rinat Valiev.
7:31 of 1st period - Shot Blocked by Brandon Hagel.
7:51 of 1st period - Snap shot by David Kampf.
7:51 of 1st period - Shot Blocked by Blake Lizotte.
7:53 of 1st period - Snap shot by Brendan Leipsic.
7:53 of 1st period - Stopped by Kaapo Kahkonen without a rebound.
7:54 of 1st period - Cristoval Nieves wins face-off versus Christoffer Ehn in Crunch zone.
7:55 of 1st period - Snap shot by Michael Bournival.
7:55 of 1st period - Stopped by Kaapo Kahkonen with a rebound.
8:01 of 1st period - Snap shot by Denis Gurianov.
8:01 of 1st period - Stopped by Anton Forsberg without a rebound.
8:02 of 1st period - Christoffer Ehn wins face-off versus Cristoval Nieves in Phantoms zone.
8:11 of 1st period - Wrist shot by Denis Gurianov.
8:11 of 1st period - Stopped by Anton Forsberg with a rebound.
8:13 of 1st period - Wrist shot by Teemu Hartikainen.
8:13 of 1st period - Shot Blocked by Michael Bournival.
8:15 of 1st period - Snap shot by Denis Gurianov.
8:15 of 1st period - Stopped by Anton Forsberg without a rebound.
8:16 of 1st period - Christoffer Ehn wins face-off versus Cristoval Nieves in Phantoms zone.
8:21 of 1st period - Teemu Hartikainen is hit by Michael Bournival and loses puck.
8:52 of 1st period - Wrist shot by Jacob Josefson.
8:52 of 1st period - Stopped by Anton Forsberg without a rebound.
8:53 of 1st period - Jacob Josefson wins face-off versus Cristoval Nieves in Phantoms zone.
9:18 of 1st period - Denis Gurianov is hit by Sven Andrighetto and loses puck.
10:15 of 1st period - Icing by Blake Heinrich.
10:16 of 1st period - Christoffer Ehn wins face-off versus Cristoval Nieves in Phantoms zone.
10:21 of 1st period - Snap shot by Teemu Hartikainen.
10:21 of 1st period - Stopped by Anton Forsberg with a rebound.
10:42 of 1st period - Wrist shot by Alex DeBrincat.
10:42 of 1st period - Shot Misses the Net.
10:48 of 1st period - Snap shot by Michael Bournival.
10:48 of 1st period - Stopped by Kaapo Kahkonen with a rebound.
10:54 of 1st period - Snap shot by Michael Bournival.
10:54 of 1st period - Stopped by Kaapo Kahkonen with a rebound.
10:58 of 1st period - Wrist shot by Alex DeBrincat.
10:58 of 1st period - Shot Blocked by Roland McKeown.
11:00 of 1st period - Wrist shot by Michael Bournival.
11:00 of 1st period - Shot Misses the Net.
11:02 of 1st period - Wrist shot by Cristoval Nieves.
11:02 of 1st period - Stopped by Kaapo Kahkonen with a rebound.
11:04 of 1st period - Snap shot by Michael Bournival.
11:04 of 1st period - Shot Blocked by Nikita Tryamkin.
11:06 of 1st period - Slapshot by Michael Bournival.
11:06 of 1st period - Shot Misses the Net.
11:38 of 1st period - Snap shot by Alex DeBrincat.
11:38 of 1st period - Shot Misses the Net.
11:57 of 1st period - Snap shot by Michael Bournival.
11:57 of 1st period - Stopped by Kaapo Kahkonen with a rebound.
12:39 of 1st period - Slapshot by Michael Bournival.
12:39 of 1st period - Shot Blocked by Joel Vermin.
12:43 of 1st period - Slapshot by Cristoval Nieves.
12:43 of 1st period - Stopped by Kaapo Kahkonen without a rebound.
12:44 of 1st period - Lucas Wallmarkk wins face-off versus Christoffer Ehn in Crunch zone.
12:45 of 1st period - Wrist shot by Sven Andrighetto.
12:45 of 1st period - Shot Blocked by Jordan Oesterle.
12:47 of 1st period - Snap shot by Morgan Klimchuk.
12:47 of 1st period - Stopped by Kaapo Kahkonen with a rebound.
12:53 of 1st period - Snap shot by Morgan Klimchuk.
12:53 of 1st period - Shot Misses the Net.
13:30 of 1st period - Snap shot by Denis Gurianov.
13:30 of 1st period - Stopped by Anton Forsberg with a rebound.
13:36 of 1st period - Snap shot by Brendan Leipsic.
13:36 of 1st period - Shot Misses the Net.
13:38 of 1st period - Slapshot by Cal Foote.
13:38 of 1st period - Shot Blocked by Sean Walker.
14:04 of 1st period - Snap shot by JC Lipon.
14:04 of 1st period - Shot Blocked by Denis Gurianov.
14:06 of 1st period - Wrist shot by David Kampf.
14:06 of 1st period - Goal by David Kampf - Crunch : 0 - Phantoms : 1.
14:07 of 1st period - Connor Bunnaman wins face-off versus Lucas Wallmarkk in neutral zone.
14:14 of 1st period - Wrist shot by Jeremy Bracco.
14:14 of 1st period - Stopped by Anton Forsberg with a rebound.
14:18 of 1st period - Snap shot by Michael Ferland.
14:18 of 1st period - Stopped by Anton Forsberg with a rebound.
14:32 of 1st period - Rem Pitlick is hit by Erik Nystrom.
16:49 of 1st period - Icing by Sean Walker.
16:50 of 1st period - Lucas Wallmarkk wins face-off versus Christoffer Ehn in Crunch zone.
16:51 of 1st period - Snap shot by Sven Andrighetto.
16:51 of 1st period - Stopped by Kaapo Kahkonen without a rebound.
16:52 of 1st period - Christoffer Ehn wins face-off versus Lucas Wallmarkk in Crunch zone.
17:07 of 1st period - Wrist shot by Teemu Hartikainen.
17:07 of 1st period - Shot Blocked by Devon Teows.
17:42 of 1st period - Slapshot by Joel Vermin.
17:42 of 1st period - Shot Misses the Net.
17:44 of 1st period - Slapshot by Roland McKeown.
17:44 of 1st period - Shot Blocked by Blake Heinrich.
17:46 of 1st period - Wrist shot by Anthony Cirelli.
17:46 of 1st period - Shot Misses the Net.
17:50 of 1st period - Wrist shot by Anthony Cirelli.
17:50 of 1st period - Shot Misses the Net.
18:23 of 1st period - Off-side.
18:24 of 1st period - Cristoval Nieves wins face-off versus Teemu Hartikainen in neutral zone.
18:49 of 1st period - Denis Gurianov is hit by Devon Teows and loses puck.
19:23 of 1st period - Off-side.
19:24 of 1st period - Cristoval Nieves wins face-off versus Connor Bunnaman in neutral zone.
Goals for this period are 0 for Crunch vs 1 for Phantoms.
Shots for this period are 9 for Crunch vs 18 for Phantoms.
2nd period
0:01 of 2nd period - Lucas Wallmarkk wins face-off versus Christoffer Ehn in neutral zone.
0:11 of 2nd period - Christoffer Ehn is hit by Sven Andrighetto and loses puck.
0:29 of 2nd period - Off-side.
0:30 of 2nd period - Connor Bunnaman wins face-off versus Cristoval Nieves in neutral zone.
0:56 of 2nd period - Wrist shot by Alex DeBrincat.
0:56 of 2nd period - Shot Misses the Net.
0:58 of 2nd period - Slapshot by Alex DeBrincat.
0:58 of 2nd period - Stopped by Kaapo Kahkonen with a rebound.
1:00 of 2nd period - Wrist shot by Cristoval Nieves.
1:00 of 2nd period - Shot Misses the Net.
1:02 of 2nd period - Wrist shot by Alex DeBrincat.
1:02 of 2nd period - Stopped by Kaapo Kahkonen with a rebound.
1:04 of 2nd period - Slapshot by Cristoval Nieves.
1:04 of 2nd period - Shot Blocked by Noah Hanifin.
1:06 of 2nd period - Snap shot by Michael Bournival.
1:06 of 2nd period - Stopped by Kaapo Kahkonen with a rebound.
1:14 of 2nd period - Wrist shot by Michael Bournival.
1:14 of 2nd period - Stopped by Kaapo Kahkonen without a rebound.
1:15 of 2nd period - Lucas Wallmarkk wins face-off versus Christoffer Ehn in Crunch zone.
1:16 of 2nd period - Wrist shot by Sven Andrighetto.
1:16 of 2nd period - Shot Misses the Net.
1:18 of 2nd period - Snap shot by Lucas Wallmarkk.
1:18 of 2nd period - Stopped by Kaapo Kahkonen without a rebound.
1:19 of 2nd period - Lucas Wallmarkk wins face-off versus Christoffer Ehn in Crunch zone.
2:32 of 2nd period - Snap shot by JC Lipon.
2:32 of 2nd period - Stopped by Kaapo Kahkonen without a rebound.
2:33 of 2nd period - Christoffer Ehn wins face-off versus Lucas Wallmarkk in Crunch zone.
3:03 of 2nd period - Snap shot by Alex DeBrincat.
3:03 of 2nd period - Shot Misses the Net.
3:09 of 2nd period - Slapshot by Joel Vermin.
3:09 of 2nd period - Stopped by Anton Forsberg with a rebound.
4:03 of 2nd period - Teemu Hartikainen is hit by Rinat Valiev and loses puck.
4:22 of 2nd period - Snap shot by Michael Bournival.
4:22 of 2nd period - Shot Misses the Net.
4:48 of 2nd period - Backhand shot by Joe Snively.
4:48 of 2nd period - Shot Misses the Net.
4:50 of 2nd period - Wrist shot by Nick Sorensen.
4:50 of 2nd period - Stopped by Kaapo Kahkonen with a rebound.
5:00 of 2nd period - Wrist shot by Lucas Wallmarkk.
5:00 of 2nd period - Stopped by Kaapo Kahkonen without a rebound.
5:01 of 2nd period - Blake Lizotte wins face-off versus Lucas Wallmarkk in Crunch zone.
5:01 of 2nd period - Blake Lizotte is hit by Riley Stillman.
5:19 of 2nd period - Icing by Roland McKeown.
5:20 of 2nd period - Blake Lizotte wins face-off versus Alex DeBrincat in Crunch zone.
5:20 of 2nd period - Blake Lizotte is hit by Cristoval Nieves.
5:38 of 2nd period - Snap shot by Rem Pitlick.
5:38 of 2nd period - Goal by Rem Pitlick - Crunch : 1 - Phantoms : 1.
5:39 of 2nd period - Christoffer Ehn wins face-off versus Lucas Wallmarkk in neutral zone.
5:53 of 2nd period - Wrist shot by Sven Andrighetto.
5:53 of 2nd period - Shot Misses the Net.
5:55 of 2nd period - Wrist shot by Sven Andrighetto.
5:55 of 2nd period - Stopped by Kaapo Kahkonen with a rebound.
6:05 of 2nd period - Denis Gurianov is hit by Nick Sorensen and loses puck.
6:38 of 2nd period - Snap shot by JC Lipon.
6:38 of 2nd period - Stopped by Kaapo Kahkonen without a rebound.
6:39 of 2nd period - Jacob Josefson wins face-off versus Cristoval Nieves in Crunch zone.
7:07 of 2nd period - Snap shot by Morgan Klimchuk.
7:07 of 2nd period - Stopped by Kaapo Kahkonen without a rebound.
7:08 of 2nd period - Connor Bunnaman wins face-off versus Lucas Wallmarkk in Crunch zone.
7:34 of 2nd period - Snap shot by Michael Ferland.
7:34 of 2nd period - Stopped by Anton Forsberg with a rebound.
7:36 of 2nd period - Snap shot by Connor Bunnaman.
7:36 of 2nd period - Shot Misses the Net.
7:50 of 2nd period - Wrist shot by Jeremy Bracco.
7:50 of 2nd period - Stopped by Anton Forsberg without a rebound.
7:51 of 2nd period - Lucas Wallmarkk wins face-off versus Christoffer Ehn in Phantoms zone.
8:16 of 2nd period - Nikita Tryamkin is hit by Nick Sorensen.
8:34 of 2nd period - Roland McKeown is hit by Rinat Valiev and loses puck.
8:57 of 2nd period - Snap shot by Nikita Tryamkin.
8:57 of 2nd period - Shot Hit the Post.
9:49 of 2nd period - Icing by Sven Andrighetto.
9:50 of 2nd period - Blake Lizotte wins face-off versus Lucas Wallmarkk in Phantoms zone.
9:57 of 2nd period - Snap shot by Denis Gurianov.
9:57 of 2nd period - Shot Misses the Net.
10:05 of 2nd period - Snap shot by Morgan Klimchuk.
10:05 of 2nd period - Stopped by Kaapo Kahkonen without a rebound.
10:06 of 2nd period - Cristoval Nieves wins face-off versus Joel Vermin in Crunch zone.
10:07 of 2nd period - Wrist shot by Alex DeBrincat.
10:07 of 2nd period - Shot Blocked by Jordan Oesterle.
10:09 of 2nd period - Wrist shot by Alex DeBrincat.
10:09 of 2nd period - Stopped by Kaapo Kahkonen without a rebound.
10:10 of 2nd period - Jacob Josefson wins face-off versus Alex DeBrincat in Crunch zone.
10:15 of 2nd period - Cristoval Nieves is hit by Joel Vermin and loses puck.
10:26 of 2nd period - Wrist shot by Michael Bournival.
10:26 of 2nd period - Stopped by Kaapo Kahkonen with a rebound.
11:07 of 2nd period - Wrist shot by Michael Ferland.
11:07 of 2nd period - Goal by Michael Ferland - Crunch : 2 - Phantoms : 1.
11:08 of 2nd period - Christoffer Ehn wins face-off versus Cristoval Nieves in neutral zone.
11:34 of 2nd period - Anthony Cirelli is hit by Lucas Wallmarkk and loses puck.
11:45 of 2nd period - Devon Teows is hit by Anthony Cirelli and loses puck.
12:04 of 2nd period - Icing by Noah Hanifin.
12:05 of 2nd period - Joe Snively wins face-off versus Connor Bunnaman in Crunch zone.
12:24 of 2nd period - Slapshot by Erik Nystrom.
12:24 of 2nd period - Stopped by Kaapo Kahkonen with a rebound.
12:26 of 2nd period - Snap shot by Reid McNeill.
12:26 of 2nd period - Stopped by Kaapo Kahkonen with a rebound.
12:50 of 2nd period - Wrist shot by Erik Nystrom.
12:50 of 2nd period - Stopped by Kaapo Kahkonen without a rebound.
12:51 of 2nd period - Christoffer Ehn wins face-off versus Cristoval Nieves in Crunch zone.
12:56 of 2nd period - Christoffer Ehn is hit by Michael Bournival and loses puck.
13:07 of 2nd period - Rinat Valiev is hit by Teemu Hartikainen and loses puck.
13:30 of 2nd period - Wrist shot by Joel Vermin.
13:30 of 2nd period - Goal by Joel Vermin - Crunch : 3 - Phantoms : 1.
13:31 of 2nd period - Michael Bournival wins face-off versus Christoffer Ehn in neutral zone.
13:43 of 2nd period - Snap shot by Denis Gurianov.
13:43 of 2nd period - Shot Misses the Net.
13:45 of 2nd period - Slapshot by Nikita Tryamkin.
13:45 of 2nd period - Stopped by Anton Forsberg without a rebound.
13:46 of 2nd period - Jacob Josefson wins face-off versus Lucas Wallmarkk in Phantoms zone.
13:47 of 2nd period - Snap shot by Joel Vermin.
13:47 of 2nd period - Stopped by Anton Forsberg without a rebound.
13:48 of 2nd period - Anthony Cirelli wins face-off versus Lucas Wallmarkk in Phantoms zone.
13:52 of 2nd period - Minor Penalty to Blake Heinrich for High sticking.
13:53 of 2nd period - Michael Bournival wins face-off versus Christoffer Ehn in Phantoms zone.
15:52 of 2nd period - Penalty to Blake Heinrich is over, Blake Heinrich is back on ice.
16:51 of 2nd period - Brandon Hagel is hit by Michael Bournival and loses puck.
17:04 of 2nd period - Snap shot by JC Lipon.
17:04 of 2nd period - Stopped by Kaapo Kahkonen without a rebound.
17:05 of 2nd period - Christoffer Ehn wins face-off versus David Kampf in Crunch zone.
17:56 of 2nd period - Snap shot by Sven Andrighetto.
17:56 of 2nd period - Shot Misses the Net.
18:12 of 2nd period - Wrist shot by Erik Nystrom.
18:12 of 2nd period - Stopped by Kaapo Kahkonen with a rebound.
19:00 of 2nd period - David Kampf is hit by Jeremy Bracco and loses puck.
19:39 of 2nd period - Snap shot by Joe Snively.
19:39 of 2nd period - Stopped by Kaapo Kahkonen with a rebound.
Goals for this period are 3 for Crunch vs 0 for Phantoms.
Shots for this period are 8 for Crunch vs 20 for Phantoms.
3rd period
0:01 of 3rd period - Cristoval Nieves wins face-off versus Christoffer Ehn in neutral zone.
0:11 of 3rd period - Minor Penalty to Michael Bournival for Hooking.
0:12 of 3rd period - Christoffer Ehn wins face-off versus A.J. Greer in Phantoms zone.
0:18 of 3rd period - Wrist shot by Teemu Hartikainen.
0:18 of 3rd period - Stopped by Anton Forsberg with a rebound.
0:20 of 3rd period - Slapshot by Roland McKeown.
0:20 of 3rd period - Stopped by Anton Forsberg with a rebound.
0:46 of 3rd period - Wrist shot by Joel Vermin.
0:46 of 3rd period - Goal by Joel Vermin - Crunch : 4 - Phantoms : 1.
0:47 of 3rd period - Lucas Wallmarkk wins face-off versus Christoffer Ehn in neutral zone.
0:57 of 3rd period - Minor Penalty to Blake Heinrich for Holding.
0:58 of 3rd period - Michael Bournival wins face-off versus Denis Gurianov in Phantoms zone.
0:58 of 3rd period - Michael Bournival is hit by Denis Gurianov.
2:06 of 3rd period - Alex DeBrincat is hit by Christoffer Ehn.
2:46 of 3rd period - Mikko Lehtonen is hit by Roland McKeown and loses puck.
2:57 of 3rd period - Penalty to Blake Heinrich is over, Blake Heinrich is back on ice.
3:00 of 3rd period - Icing by Mikko Lehtonen.
3:01 of 3rd period - Jeremy Bracco wins face-off versus Erik Nystrom in Phantoms zone.
3:26 of 3rd period - Jeremy Lauzon is hit by Mikko Lehtonen and loses puck.
4:10 of 3rd period - Snap shot by Christoffer Ehn.
4:10 of 3rd period - Shot Blocked by Michael Bournival.
5:05 of 3rd period - Snap shot by David Kampf.
5:05 of 3rd period - Stopped by Kaapo Kahkonen with a rebound.
5:07 of 3rd period - Snap shot by Brendan Leipsic.
5:07 of 3rd period - Shot Misses the Net.
5:14 of 3rd period - Icing by Rem Pitlick.
5:15 of 3rd period - Morgan Klimchuk wins face-off versus Blake Lizotte in Crunch zone.
5:22 of 3rd period - Snap shot by Sven Andrighetto.
5:22 of 3rd period - Deflect By Morgan Klimchuk.
5:22 of 3rd period - Shot Blocked by Nikita Tryamkin.
5:22 of 3rd period - Puck is out of play.
5:23 of 3rd period - Christoffer Ehn wins face-off versus Lucas Wallmarkk in Crunch zone.
5:32 of 3rd period - Wrist shot by Denis Gurianov.
5:32 of 3rd period - Shot Blocked by Reid McNeill.
5:34 of 3rd period - Snap shot by Christoffer Ehn.
5:34 of 3rd period - Stopped by Anton Forsberg with a rebound.
5:51 of 3rd period - Snap shot by Jacob Josefson.
5:51 of 3rd period - Deflect By Michael Bournival.
5:51 of 3rd period - Shot Misses the Net.
5:51 of 3rd period - Puck is out of play.
5:52 of 3rd period - Cristoval Nieves wins face-off versus Jacob Josefson in Phantoms zone.
6:19 of 3rd period - Teemu Hartikainen is hit by Rinat Valiev and loses puck.
7:00 of 3rd period - Blake Heinrich is hit by Brandon Hagel and loses puck.
7:42 of 3rd period - Wrist shot by Teemu Hartikainen.
7:42 of 3rd period - Shot Misses the Net.
7:44 of 3rd period - Snap shot by Christoffer Ehn.
7:44 of 3rd period - Stopped by Anton Forsberg with a rebound.
7:46 of 3rd period - Slapshot by Jordan Oesterle.
7:46 of 3rd period - Deflect By Teemu Hartikainen.
7:46 of 3rd period - Goal by Teemu Hartikainen - Crunch : 5 - Phantoms : 1.
7:46 of 3rd period - Zachary Fucale enters game.
7:47 of 3rd period - Cristoval Nieves wins face-off versus Christoffer Ehn in neutral zone.
8:08 of 3rd period - Minor Penalty to Nikita Tryamkin for Hooking.
8:09 of 3rd period - Cristoval Nieves wins face-off versus Teemu Hartikainen in Crunch zone.
8:18 of 3rd period - Snap shot by Michael Bournival.
8:18 of 3rd period - Shot Misses the Net.
8:39 of 3rd period - Slapshot by Blake Heinrich.
8:39 of 3rd period - Shot Blocked by Roland McKeown.
8:53 of 3rd period - Michael Bournival is hit by Denis Gurianov and loses puck.
9:42 of 3rd period - Noah Hanifin is hit by Blake Heinrich and loses puck.
10:08 of 3rd period - Penalty to Nikita Tryamkin is over, Nikita Tryamkin is back on ice.
10:37 of 3rd period - Minor Penalty to Brendan Leipsic for Hooking.
10:38 of 3rd period - Christoffer Ehn wins face-off versus Michael Bournival in Phantoms zone.
10:42 of 3rd period - Slapshot by Denis Gurianov.
10:42 of 3rd period - Shot Misses the Net.
10:44 of 3rd period - Snap shot by Teemu Hartikainen.
10:44 of 3rd period - Shot Blocked by Blake Heinrich.
10:46 of 3rd period - Snap shot by Teemu Hartikainen.
10:46 of 3rd period - Stopped by Zachary Fucale without a rebound.
10:47 of 3rd period - Michael Bournival wins face-off versus Christoffer Ehn in Phantoms zone.
10:56 of 3rd period - Backhand shot by Christoffer Ehn.
10:56 of 3rd period - Stopped by Zachary Fucale without a rebound.
10:57 of 3rd period - Teemu Hartikainen wins face-off versus Michael Bournival in Phantoms zone.
11:06 of 3rd period - Backhand shot by Denis Gurianov.
11:06 of 3rd period - Stopped by Zachary Fucale without a rebound.
11:07 of 3rd period - Michael Bournival wins face-off versus Christoffer Ehn in Phantoms zone.
11:23 of 3rd period - Off-side.
11:24 of 3rd period - Michael Bournival wins face-off versus Anthony Cirelli in neutral zone.
12:37 of 3rd period - Penalty to Brendan Leipsic is over, Brendan Leipsic is back on ice.
13:00 of 3rd period - Mikko Lehtonen is hit by Jeremy Bracco and loses puck.
13:13 of 3rd period - Snap shot by David Kampf.
13:13 of 3rd period - Stopped by Kaapo Kahkonen with a rebound.
13:15 of 3rd period - Snap shot by David Kampf.
13:15 of 3rd period - Shot Blocked by Nikita Tryamkin.
13:17 of 3rd period - Slapshot by Brendan Leipsic.
13:17 of 3rd period - Stopped by Kaapo Kahkonen with a rebound.
13:19 of 3rd period - Snap shot by David Kampf.
13:19 of 3rd period - Stopped by Kaapo Kahkonen without a rebound.
13:19 of 3rd period - Double Minor Penalty to Kaapo Kahkonen for Slashing.
13:20 of 3rd period - Teemu Hartikainen wins face-off versus Cristoval Nieves in Crunch zone.
13:20 of 3rd period - Teemu Hartikainen is hit by Reid McNeill.
13:54 of 3rd period - Wrist shot by Sven Andrighetto.
13:54 of 3rd period - Stopped by Kaapo Kahkonen without a rebound.
13:55 of 3rd period - Cristoval Nieves wins face-off versus Teemu Hartikainen in Crunch zone.
14:00 of 3rd period - Snap shot by Alex DeBrincat.
14:00 of 3rd period - Goal by Alex DeBrincat - Crunch : 5 - Phantoms : 2.
14:01 of 3rd period - Cristoval Nieves wins face-off versus Teemu Hartikainen in neutral zone.
14:26 of 3rd period - Roland McKeown is hit by Reid McNeill and loses puck.
14:41 of 3rd period - Slapshot by Alex DeBrincat.
14:41 of 3rd period - Goal by Alex DeBrincat - Crunch : 5 - Phantoms : 3.
14:42 of 3rd period - Lucas Wallmarkk wins face-off versus Connor Bunnaman in neutral zone.
15:16 of 3rd period - Slapshot by Noah Hanifin.
15:16 of 3rd period - Stopped by Zachary Fucale with a rebound.
15:26 of 3rd period - Minor Penalty to Anthony Cirelli for Roughing.
15:27 of 3rd period - Cristoval Nieves wins face-off versus Teemu Hartikainen in Crunch zone.
15:46 of 3rd period - Nikita Tryamkin is hit by Reid McNeill and loses puck.
16:39 of 3rd period - Slapshot by Roland McKeown.
16:39 of 3rd period - Shot Blocked by Rinat Valiev.
16:41 of 3rd period - Slapshot by Roland McKeown.
16:41 of 3rd period - Deflect By Blake Lizotte.
16:41 of 3rd period - Stopped by Zachary Fucale with a rebound.
17:26 of 3rd period - Penalty to Anthony Cirelli is over, Anthony Cirelli is back on ice.
17:40 of 3rd period - Icing by Joe Snively.
17:41 of 3rd period - Jacob Josefson wins face-off versus Joe Snively in Phantoms zone.
18:00 of 3rd period - Snap shot by Erik Nystrom.
18:00 of 3rd period - Shot Misses the Net.
18:02 of 3rd period - Wrist shot by Joe Snively.
18:02 of 3rd period - Stopped by Kaapo Kahkonen with a rebound.
18:04 of 3rd period - Snap shot by Joe Snively.
18:04 of 3rd period - Shot Blocked by Sean Walker.
18:06 of 3rd period - Snap shot by Erik Nystrom.
18:06 of 3rd period - Shot Misses the Net.
18:10 of 3rd period - Snap shot by Joe Snively.
18:10 of 3rd period - Stopped by Kaapo Kahkonen with a rebound.
18:16 of 3rd period - Snap shot by Joe Snively.
18:16 of 3rd period - Stopped by Kaapo Kahkonen with a rebound.
18:37 of 3rd period - Slapshot by Erik Nystrom.
18:37 of 3rd period - Shot Misses the Net.
18:39 of 3rd period - Slapshot by Devon Teows.
18:39 of 3rd period - Shot Hit the Post.
18:41 of 3rd period - Slapshot by Devon Teows.
18:41 of 3rd period - Shot Blocked by Sean Walker.
18:43 of 3rd period - Slapshot by Rinat Valiev.
18:43 of 3rd period - Stopped by Kaapo Kahkonen with a rebound.
18:45 of 3rd period - Slapshot by Devon Teows.
18:45 of 3rd period - Stopped by Kaapo Kahkonen without a rebound.
18:46 of 3rd period - Connor Bunnaman wins face-off versus Cristoval Nieves in Crunch zone.
18:46 of 3rd period - Connor Bunnaman is hit by Alex DeBrincat.
18:49 of 3rd period - Minor Penalty to Jeremy Bracco for Diving.
18:50 of 3rd period - Teemu Hartikainen wins face-off versus Michael Bournival in Crunch zone.
19:38 of 3rd period - Slapshot by Roland McKeown.
19:38 of 3rd period - Stopped by Zachary Fucale without a rebound.
19:39 of 3rd period - Teemu Hartikainen wins face-off versus Michael Bournival in Phantoms zone.
19:50 of 3rd period - Jordan Oesterle is hit by Devon Teows and loses puck.
Goals for this period are 2 for Crunch vs 2 for Phantoms.
Shots for this period are 12 for Crunch vs 12 for Phantoms.